 Dungeon Crawl Stone Soup version 0.14-a0-2100-g3cf34dd (webtiles) character file.

182 Mitsuki the Sneak (level 4, -6/21 HPs)
             Began as a Spriggan Enchanter on Jan 26, 2014.
             Mangled by a goliath beetle (27 damage)
             ... on Level 3 of the Dungeon.
             The game lasted 00:07:03 (2691 turns).

Mitsuki the Sneak (Spriggan Enchanter)              Turns: 2691, Time: 00:07:03

HP  -6/21        AC  3     Str  5      XL: 4   Next: 10%
MP   5/12        EV 18     Int 16      God:
Gold 108         SH  0     Dex 16      Spells:  3 memorised,  2 levels left

rFire  . . .     SeeInvis +     a - +1 dagger
rCold  . . .     Clarity  .     b - +1 robe
rNeg   . . .     Conserve .     (shield restricted)
rPois  .         rCorr    .     (helmet restricted)
rElec  .         rRot     .     (no cloak)
SustAb . .       Spirit   .     (gloves unavailable)
rMut   .         Warding  .     (boots unavailable)
Saprov . . .     Stasis   .     (no amulet)
MR     .....                    (no ring)
                                (no ring)

@: very quick, not resistant to hostile enchantments, quite stealthy
A: unfitting armour, see invisible, herbivore 3, speed 3, slow metabolism 2
a: no special abilities


You were on level 3 of the Dungeon.
You were not hungry.

You visited 1 branch of the dungeon, and saw 3 of its levels.

You collected 108 gold pieces.

Inventory:

Hand weapons
 a - a +1,+1 dagger (weapon)
Missiles
 d - 12 darts (quivered)
Armour
 b - a +1 robe (worn)
Comestibles
 n - 2 bread rations
Scrolls
 e - a scroll of magic mapping {unknown}
 g - a scroll of teleportation {unknown}
 i - a scroll of random uselessness {unknown}
 j - 2 scrolls of remove curse {unknown}
Jewellery
 k - an uncursed ring of positive energy {unknown}
 m - a cursed ring of hunger {unknown}
Potions
 f - a potion of mutation
Books
 c - a book of Maledictions

   Spells                             Type                      Level
   *Corona                            Hexes                        1
   Sure Blade                         Hexes/Charms                 2
   *Ensorcelled Hibernation           Hexes/Ice                    2
   *Confuse                           Hexes                        3
   Enslavement                        Hexes                        4
   Invisibility                       Hexes                        6


   Skills:
 - Level 1.1 Short Blades
 - Level 1.1 Throwing
 - Level 3.0 Dodging
 + Level 4.8 Stealth
 - Level 2.6 Spellcasting
 + Level 4.8 Hexes
 + Level 1.0 Ice Magic


You had 2 spell levels left.
You knew the following spells:

 Your Spells              Type           Power        Failure   Level  Hunger
a - Ensorcelled Hibernat  Hex/Ice        ##....       10%         2    ##.....
b - Confuse               Hex            ###.....     10%         3    ###....
l - Corona                Hex            ###....      2%          1    #......


Dungeon Overview and Level Annotations

Branches:
Dungeon (3/16)

Altars:


Innate Abilities, Weirdness & Mutations

You are tiny and cannot use many weapons and most armour.
You have supernaturally acute eyesight.
You are a herbivore.
You cover ground extremely quickly.
You need consume almost no food.


Message History

The goliath beetle is heavily wounded.
You hit the goliath beetle but do no damage.
The goliath beetle is heavily wounded.
You catch the helpless goliath beetle completely off-guard!
You hit the goliath beetle.
The goliath beetle is severely wounded.
You hit the goliath beetle but do no damage.
The goliath beetle is severely wounded.
You hit the goliath beetle.
The goliath beetle is severely wounded.
The goliath beetle completely misses you.
You catch the helpless goliath beetle completely off-guard!
You slash the goliath beetle!
The goliath beetle is almost dead.
The goliath beetle seems less confused.
You hit the goliath beetle but do no damage.
The goliath beetle is almost dead.
The goliath beetle bites you!
Ouch! That really hurt!
You die...

#.# #.# #... #.# #.# #.##
#.#####.# #.# #.#[....# #[#
#.#.######### #.#
#.#.##......# #.#
#.#.##......###<##
#B#.##............
#@#.##............
#.#.##............
#.#.#.............
#.#.#.............
#.#.#.##..........
#.#.#.##...#######
################.#.#)##...#
...................)......#
........%.................#


You could see a goliath beetle.

Vanquished Creatures
  Ijyb (D:3)
  An adder (D:3)
  A worm (D:3)
  A giant gecko (D:3)
  An ooze (D:2)
  5 orcs (D:3)
  2 bats (D:2)
  2 giant cockroaches (D:1)
  4 hobgoblins
  3 jackals (D:3)
  A quokka (D:2)
  A giant newt (D:3)
  6 goblins
  3 kobolds
  4 rats
36 creatures vanquished.

Notes
Turn   | Place    | Note
--------------------------------------------------------------
     0 | D:1      | Mitsuki, the Spriggan Enchanter, began the quest for the Orb.
     0 | D:1      | Reached XP level 1. HP: 9/9 MP: 4/4
    75 | D:1      | Gained mutation: Armour fits poorly on your strangely shaped body. [potion of mutation]
    75 | D:1      | Gained mutation: You are dopey. (Int -2) [potion of mutation]
    76 | D:1      | Lost mutation: Armour fits poorly on your strangely shaped body. [potion of cure mutation]
    76 | D:1      | Lost mutation: You are dopey. (Int -2) [potion of cure mutation]
   387 | D:1      | Reached skill level 4 in Hexes
   577 | D:2      | Reached XP level 2. HP: 13/13 MP: 7/7
   588 | D:2      | Learned a level 2 spell: Ensorcelled Hibernation
  1337 | D:3      | Noticed Ijyb
  1415 | D:3      | Killed Ijyb
  1415 | D:3      | Reached XP level 3. HP: 2/16 MP: 9/9
  2199 | D:3      | Learned a level 3 spell: Confuse
  2219 | D:3      | Reached skill level 1 in Ice Magic
  2555 | D:3      | Reached XP level 4. HP: 17/21 MP: 2/12
  2691 | D:3      | Mangled by a goliath beetle

Action                   |  1- 3 |  4- 6 || total
-------------------------+-------+-------++-------
Melee: Dagger            |   167 |    11 ||   178
 Cast: Ensorcelled Hiber |    34 |     5 ||    39
       Confuse           |     1 |     1 ||     2
  Use: Potion            |     8 |       ||     8
 Stab: Sleeping          |    21 |     2 ||    23
       Confused          |       |     2 ||     2
